 Dungeon Crawl Stone Soup version 0.21-a0-434-g806c6c2 (webtiles) character file.

1201 slep the Skirmisher (level 8, -2/67 HPs)
             Began as a Demonspawn Wanderer on Nov 9, 2017.
             Was a Follower of Ru.
             Killed by nerve-wracking pain
             ... invoked by Menkaure
              (3 damage)
             ... on level 6 of the Dungeon.
             The game lasted 00:31:45 (4450 turns).

slep the Skirmisher (Demonspawn Wanderer)           Turns: 4450, Time: 00:31:45

Health: -2/67      AC:  9    Str: 13    XL:     8   Next: 21%
Magic:  17/17      EV: 12    Int: 14    God:    Ru [*.....]
Gold:   300        SH:  0    Dex: 17    Spells: 7/7 levels left

rFire    . . .     SeeInvis .   n - +2 whip (venom)
rCold    . . .     Gourm    .   (no shield)
rNeg     . . .     Faith    .   y - +1 ring mail of the Bulwark {Int+3}
rPois    .         Spirit   .   (helmet unavailable)
rElec    .         Reflect  .   (no cloak)
rCorr    .         Harm     .   (no gloves)
MR       .....     Rnd*Tele +   (no boots)
Stlth    ++........             E - amulet of inaccuracy (curse)
HPRegen  0.21/turn              g - ring of teleportation (curse)
MPRegen  0.15/turn              C - ring of magical power

@: no potions
A: horns 3, molten scales 1, powered by death 1, inability to drink while
threatened
a: Renounce Religion


You were on level 6 of the Dungeon.
You worshipped Ru.
Ru was aware of your devotion.
You were hungry.

You visited 2 branches of the dungeon, and saw 7 of its levels.

You collected 300 gold pieces.

Inventory:

Hand Weapons
 a - a +2 spear
 e - a +0 dagger
 h - a +0 dagger of venom
 j - a +0 dagger of speed
 n - a +2 whip of venom (weapon)
Missiles
 x - 7 tomahawks (quivered)
Armour
 d - a +0 robe
 q - a +0 leather armour
 y - the +1 ring mail of the Bulwark (worn) {Int+3}
   (You found it on level 4 of the Dungeon)

   It affects your intelligence (+3).
Jewellery
 g - a cursed ring of teleportation (left hand)
 l - an uncursed amulet of regeneration
 C - a ring of magical power (right hand)
 E - a cursed amulet of inaccuracy (around neck)
Wands
 t - a wand of paralysis (15/24)
Scrolls
 c - 4 scrolls of teleportation
 i - 2 scrolls of identify {unknown}
 k - a scroll of amnesia {unknown}
 p - 2 scrolls of enchant weapon {unknown}
 r - a scroll of recharging {unknown}
 v - 3 scrolls of fog {unknown}
 w - a scroll of enchant armour {unknown}
 D - 2 scrolls of magic mapping {unknown}
 G - a scroll of immolation {unknown}
Potions
 b - a potion of lignification
 o - 5 potions of curing
 s - 2 potions of flight
 A - a potion of heal wounds {unknown}
 B - a potion of agility
Comestibles
 f - 3 bread rations
 m - 3 royal jellies
 u - 4 fruits
 z - 2 meat rations


   Skills:
 + Level 7.6 Fighting
 + Level 3.8 Maces & Flails
 + Level 2.1 Polearms
 + Level 0.1 Throwing
 + Level 4.5 Armour
 + Level 2.7 Dodging
 + Level 3.6 Stealth
 + Level 1.0 Evocations


You had 7 spell levels left.
You didn't know any spells.

Dungeon Overview and Level Annotations

Branches:
Dungeon (6/15)             Temple (1/1) D:4

Altars:
Ashenzari
Cheibriados
Dithmenos
Elyvilon
Fedhas
Gozag
Hepliaklqana
Kikubaaqudgha
Makhleb
Nemelex Xobeh
Okawaru
Qazlal
Ru
Sif Muna
Trog
Uskayaw
Vehumet
Wu Jian
Yredelemnul
Zin
The Shining One

Shops:
D:6 =*[(

Annotations:
D:6 Menkaure


Innate Abilities, Weirdness & Mutations

You have a pair of large horns on your head.
You are partially covered in molten scales. (AC +2)
You regenerate a little health from kills.
You cannot drink potions while threatened.


Message History

The centaur hits you but does no damage.
You barely miss the centaur.
The centaur is heavily wounded.
The centaur barely misses you.
You hit the centaur.
The centaur is severely wounded.
The centaur barely misses you.
You hit the centaur.
The centaur looks even sicker.
The centaur is almost dead.
The centaur hits you.
* * * LOW HITPOINT WARNING * * *
The centaur barely misses you.
You miss the centaur. You headbutt the centaur.
You kill the centaur!
Things that are here:
an uncursed shortbow; 20 arrows You start resting.
Menkaure casts a spell at you. Pain shoots through your body!
You die...

##.......## ...
##........# ....
#........## .....
##.>......# ###......
##......>..####(M......
#.........###.(.###....
###.........#..(### .
####..##.##...#..(#####
##...##..###.###@##...##
...###.#...#.# #.#.....#
.### #..#..### #)(.....#
.## ##..#.# #.......#
..# ##..## ##.......#
..# ##.#..# #.......## #
>.## #...#.# ##.......#
# ...###.#...#
#.......## ##
....###.#.## #......##
####.


You could see Menkaure.

Vanquished Creatures
  A hippogriff (D:6)
  2 ogres
  A centaur (D:6)
  2 scorpions
  A howler monkey (D:5)
  A crimson imp (D:5)
  3 bullfrog skeletons (D:5)
  3 hounds
  2 orc wizards
  2 orc priests (D:3)
  Terence (D:3)
  2 iguanas
  2 worker ants (D:5)
  8 adders
  An ooze (D:1)
  An adder skeleton (D:4)
  4 worms
  5 dart slugs
  4 leopard geckos
  16 orcs
  6 bats
  4 giant cockroaches
  7 goblins
  17 hobgoblins
  A jackal (D:1)
  A quokka (D:2)
  A ball python (D:2)
  5 frilled lizards
  10 kobolds
  2 leopard gecko zombies
  A quokka skeleton (D:4)
  6 rats
123 creatures vanquished.

Notes
Turn   | Place    | Note
-------+----------+-------------------------------------------
     0 | D:1      | slep the Demonspawn Wanderer began the quest for the Orb.
     0 | D:1      | slep set off with: a +2 spear, a potion of lignification, a scroll of teleportation, a +0 robe, a +0 dagger, a bread ration
     0 | D:1      | Reached XP level 1. HP: 22/22 MP: 1/1
   177 | D:1      | Gained mutation: You have a pair of small horns on your head. [demonic ancestry]
   177 | D:1      | Reached XP level 2. HP: 17/28 MP: 2/2
   527 | D:1      | Gained mutation: You regenerate a little health from kills. [demonic ancestry]
   527 | D:1      | Reached XP level 3. HP: 33/35 MP: 3/3
   969 | D:2      | Reached skill level 1 in Polearms
   984 | D:2      | Gained mutation: You have a pair of horns on your head. [demonic ancestry]
   984 | D:2      | Reached XP level 4. HP: 25/41 MP: 4/4
  1071 | D:2      | Reached skill level 7 in Fighting
  1416 | D:2      | Found a glowing golden altar of the Shining One.
  1781 | D:3      | Reached XP level 5. HP: 39/48 MP: 5/5
  1815 | D:3      | Noticed Terence
  1827 | D:3      | Killed Terence
  2172 | D:3      | Reached skill level 1 in Armour
  2192 | D:3      | Reached skill level 1 in Maces & Flails
  2192 | D:3      | Reached XP level 6. HP: 29/55 MP: 6/6
  2445 | D:4      | Found a staircase to the Ecumenical Temple.
  2454 | Temple   | Entered the Ecumenical Temple
  2519 | Temple   | Became a worshipper of Ru the Awakened
  2609 | D:4      | Found a bloodstained altar of Trog.
  2614 | D:4      | Found a glowing silver altar of Zin.
  2614 | D:4      | Found an ornate altar of the Wu Jian Council.
  2615 | D:4      | Found a shattered altar of Ashenzari.
  2823 | D:4      | Got an ichor-stained ring mail
  2834 | D:4      | Identified the +1 ring mail of the Bulwark {Int+3} (You found it on level 4 of the Dungeon)
  2834 | D:4      | Found a shadowy altar of Dithmenos.
  3151 | D:5      | Entered Level 5 of the Dungeon
  3158 | D:5      | Gained mutation: You have a pair of large horns on your head. [demonic ancestry]
  3158 | D:5      | Reached XP level 7. HP: 60/60 MP: 7/7
  3439 | D:5      | Gained mutation: You cannot drink potions while threatened. [Ru sacrifice]
  3439 | D:5      | Reached * piety under Ru
  3951 | D:6      | Found Inacoack's Jewellery Shoppe.
  4109 | D:6      | Noticed a hippogriff
  4123 | D:6      | HP: 1/60 [hippogriff (7)]
  4128 | D:6      | Killed a hippogriff
  4128 | D:6      | Gained mutation: You are partially covered in molten scales. (AC +2) [demonic ancestry]
  4128 | D:6      | Reached XP level 8. HP: 2/67 MP: 8/8
  4241 | D:6      | Found Udgheoba's Weapon Shop.
  4299 | D:6      | Found Ysovarph's General Store.
  4333 | D:6      | Found Giruos's Armour Shoppe.
  4401 | D:6      | Found a hide-covered altar of Uskayaw.
  4430 | D:6      | Noticed Menkaure
  4443 | D:6      | HP: 3/67 [centaur (3)]
  4447 | D:6      | HP: 1/67 [centaur (3)]
  4450 | D:6      | Killed from afar by Menkaure

Vault maps used:
D:1:      wheals_arrival_linesprint, minmay_bisected
D:2:      nicolae_tso_swordbearing_angel
D:3:      uniq_terence
D:4:      corexii_shack_village, grunt_temple_overflow_open,
          minmay_temple_entry_large_hall, first_bread, grunt_decor_one_mirror,
          nicolae_dithmenos_the_darkroom
D:6:      marbit_many_paths, serial_shops, shop, shop_coins, shop,
          nicolae_shop_crystal, shop, uniq_menkaure
Temple:   minmay_freezing_vapour_temple

Skill      XL: |  1  2  3  4  5  6  7 |
---------------+----------------------+-----
Polearms       | 1 2 |  2.1
Stealth        | 2 3 |  3.6
Fighting       | 7 |  7.6
Armour         | 1 2 4 |  4.5
Maces & Flails | 1 2 3 |  3.8
Dodging        | 2 |  2.7
Throwing       | |  0.1
Evocations     | |  1.0

Action                   |  1- 3 |  4- 6 |  7- 9 || total
-------------------------+-------+-------+-------++-------
Melee: Spear             |    93 |    37 |       ||   130
       Headbutt          |    17 |    46 |    24 ||    87
       Whip              |       |   138 |   119 ||   257
Throw: Tomahawk          |       |       |     4 ||     4
Invok: Sacrifice Drink   |       |       |     1 ||     1
  Use: Potion            |       |     4 |     2 ||     6
 Stab: Sleeping          |     3 |     7 |     1 ||    11
       Distracted        |       |       |     1 ||     1
  Eat: Chunk             |       |     7 |     4 ||    11
Armor: Robe              |    15 |     2 |       ||    17
       Leather armour    |       |    11 |       ||    11
       Skin              |       |     1 |       ||     1
       Ring mail         |       |     5 |    27 ||    32
Dodge: Dodged            |    64 |    93 |    68 ||   225

Table legend:
 A = Spawn XP
 B = Non-spawn XP
 C = Spawn XP percentage of total XP
 D = Spawn monster count
 E = Non-spawn monster count
 F = Spawn count percentage of total count
 G = Total turns spent on level
                    A         B        C        D         E        F      G
               +---------+---------+-------+---------+---------+-------+---------
         Total |       0 |    1716 |   0.0 |       0 |     123 |   0.0 |  4450
               +---------+---------+-------+---------+---------+-------+---------
           D:1 |       0 |      45 |   0.0 |       0 |      20 |   0.0 |   738
           D:2 |       0 |     131 |   0.0 |       0 |      32 |   0.0 |   764
           D:3 |       0 |     211 |   0.0 |       0 |      25 |   0.0 |   935
           D:4 |       0 |     321 |   0.0 |       0 |      21 |   0.0 |   643
           D:5 |       0 |     377 |   0.0 |       0 |      15 |   0.0 |   690
           D:6 |       0 |     631 |   0.0 |       0 |      10 |   0.0 |   609
               +---------+---------+-------+---------+---------+-------+---------
